 Dungeon Crawl Stone Soup version 0.17-a0-1468-gbf503c2 (webtiles) character file.

81 hexophile the Magician (level 4, -4/36 HPs)
             Began as a Naga Wizard on July 1, 2015.
             Slain by a hobgoblin
             ... wielding a +0 spear
              (7 damage)
             ... on level 2 of the Dungeon.
             The game lasted 00:03:25 (1901 turns).

hexophile the Magician (Naga Wizard)                Turns: 1901, Time: 00:03:25

Health: -4/36      AC:  3    Str: 10    XL:     4   Next: 42%
Magic:  1/9        EV: 10    Int: 19    God:
Gold:   17         SH:  0    Dex:  9    Spells: 1 memorised, 9 levels left

rFire  . . .     SeeInvis +     j - +0 whip (drain)
rCold  . . .     Clarity  .     a - +0 robe
rNeg   . . .     SustAt   .     (no shield)
rPois  +         Gourm    .     l - +0 helmet
rElec  .         Spirit   .     (no cloak)
rCorr  .         Warding  .     (no gloves)
rMut   .         Stasis   .     (no barding)
MR     .....                    (no amulet)
Stlth  ++........               (no ring)
                                (no ring)

@: very slow, not resistant to hostile enchantments, unstealthy
A: see invisible, deformed body, poison resistance, slowness 2, slow metabolism
1, spit poison 2, AC +1
a: Spit Poison


You were on level 2 of the Dungeon.
You were not hungry.

You visited 1 branch of the dungeon, and saw 2 of its levels.

You collected 17 gold pieces.

Inventory:

Hand weapons
 j - a +0 whip of draining (weapon)
Armour
 a - a +0 robe (worn)
 b - a +0 hat
 l - a +0 helmet (worn)
Scrolls
 e - 2 scrolls of remove curse {unknown}
 g - 2 scrolls of teleportation {unknown}
 m - a scroll of magic mapping {unknown}
 n - a scroll of enchant armour {unknown}
 o - a scroll of identify {unknown}
Potions
 f - a potion of haste {unknown}
 h - 3 potions of curing {unknown}
Books
 c - a book of Minor Magic

   Spells                             Type                      Level
   a - Magic Dart                     Conjuration                  1
   b - Blink                          Translocation                2
   c - Call Imp                       Summoning                    2
   d - Repel Missiles                 Charms/Air                   2
   e - Slow                           Hexes                        2
   f - Conjure Flame                  Conjuration/Fire             3
   g - Mephitic Cloud                 Conjuration/Poison/Air       3
Comestibles
 d - a bread ration
 i - a beef jerky


   Skills:
 + Level 2.1 Dodging
 - Level 3.0 Stealth
 * Level 3.9 Spellcasting
 * Level 2.3 Conjurations
   Level 1.0 Summonings
   Level 1.0 Translocations


You had 9 spell levels left.
You knew the following spells:

 Your Spells              Type           Power        Failure   Level  Hunger
a - Magic Dart            Conj           ##..         8%          1    None


Dungeon Overview and Level Annotations

Branches:
Dungeon (2/15)

Altars:


Innate Abilities, Weirdness & Mutations

You cannot wear boots.
Your serpentine skin is tough (AC +1).
You have supernaturally acute eyesight.
Armour fits poorly on your strangely shaped body.
Your system is resistant to poisons.
You cover ground very slowly.
You have a slow metabolism.
You can spit poison.


Message History

You hit the hobgoblin.
You kill the hobgoblin!
The hobgoblin closely misses you. The hobgoblin hits you with a spear.
* * * LOW HITPOINT WARNING * * *
Items here: ( )))) †† You hit the hobgoblin.
The hobgoblin is heavily wounded.
The hobgoblin barely misses you.
You hit the hobgoblin but do no damage. You drain the hobgoblin!
The hobgoblin is severely wounded.
The hobgoblin barely misses you.
You barely miss the hobgoblin.
The hobgoblin is severely wounded.
The hobgoblin hits you with a spear.
* * * LOW HITPOINT WARNING * * *
You barely miss the hobgoblin.
The hobgoblin is severely wounded.
The hobgoblin hits you with a spear!
You die...

#.# #..... #######.#
#..... .....#.# #.....
..#.#.#.# #.###.
#.#.#.#.#.#.###.
#######.#.#.#.#.....#.
........).....(......>
#########.#)#.#.##....#.
......g@(.#.#.#.#######.
......#####.#.#.#######.
.....................##.
......##############.##.
... ........... ..
.#######.#. . ###..(.<#.
#......... #.#.......


You could see a hobgoblin.

Vanquished Creatures
  An adder (D:2)
  4 gnolls (D:2)
  An ooze (D:1)
  A giant gecko (D:1)
  A ball python (D:1)
  5 bats
  A giant cockroach (D:2)
  5 hobgoblins
  5 kobolds
  A giant newt (D:2)
  7 goblins
  A quokka (D:2)
  3 rats (D:1)
36 creatures vanquished.

Vanquished Creatures (others)
  A bat (D:1)
1 creature vanquished.

Grand Total: 37 creatures vanquished

Notes
Turn   | Place    | Note
--------------------------------------------------------------
     0 | D:1      | hexophile the Naga Wizard began the quest for the Orb.
     0 | D:1      | Reached XP level 1. HP: 15/15 MP: 4/4
   166 | D:1      | Reached XP level 2. HP: 22/22 MP: 0/6
   345 | D:1      | HP: 1/22 [rat (1)]
  1352 | D:1      | Reached XP level 3. HP: 26/28 MP: 5/7
  1698 | D:2      | Reached XP level 4. HP: 6/36 MP: 3/9
  1901 | D:2      | Slain by a hobgoblin

Vault maps used:
D:1:      ncdulo_smallfort, hex_large, lemuel_old_faithful
D:2:      minmay_kobold_bridge, uniq_terence

Action                   |  1- 3 |  4- 6 || total
-------------------------+-------+-------++-------
Melee: Unarmed           |    10 |       ||    10
       Whip              |    14 |    12 ||    26
 Cast: Magic Dart        |    64 |    11 ||    75
 Abil: Spit Poison       |     8 |     1 ||     9
 Stab: Sleeping          |     2 |       ||     2
  Eat: Chunk             |     2 |       ||     2
